 Dungeon Sprint DCSS version 0.31-a0-521-gc7390f8997 (webtiles) character file.

Game seed: 8408075570573669373

618 dialectric the Basher (level 7, 0/112 (115) HPs)
             Began as a Minotaur Berserker on Aug 10, 2023.
             Was a Believer of Trog.
             Slain by a soul eater (3 damage)
             ... summoned by a kobold demonologist
             ... while paralysed by a floating eye
             ... in the Dungeon (Sprint I: "Red Sonja").
             The game lasted 00:01:22 (385 turns).

dialectric the Basher (Minotaur Berserker)           Turns: 385, Time: 00:01:23

HP:   0/112 (115)   AC:  5    Str: 22    XL:     7   Next: 21%
MP:   6/6           EV:  2    Int:  7    God:    Trog [**....]
Gold: 240           SH:  0    Dex: 11    Spells: 6/6 levels left

rFire   . . .        k - +4 whip of Roikk {drain, Int+3}
rCold   . . .        (no shield)
rNeg    . . .        j - +2 leather armour {rPois}
rPois   +            (helmet restricted)
rElec   .            (no cloak)
rCorr   .            (no gloves)
SInv    .            (no boots)
Will    .....        (no amulet) Stlth
                     (no ring)
HPRegen 0.38/turn    (no ring)
MPRegen 0.10/turn

%: no teleportation
@: paralysed, berserking, lightly drained
A: horns 2, retaliatory headbutt
a: Renounce Religion, Berserk, Trog's Hand


You were in the Dungeon.
You worshipped Trog.
Trog was pleased with you.
You visited 1 branch You collected 405 gold pieces.
You spent 165 gold pieces at shops.

Inventory:

Hand Weapons
 a - a +0 mace
 k - the +4 whip of Roikk (weapon) {drain, Int+3}
   (You bought it in a shop in the Dungeon)

   Int+3:     It affects your intelligence (+3).
Armour
 j - a +2 leather armour of poison resistance (worn)
Wands
 b - a wand of light (10)
 i - a wand of flame (8)
Scrolls
 d - a scroll of enchant weapon {unknown}
 h - a scroll of blinking
Potions
 c - a potion of curing
 e - a potion of haste
 f - 2 potions of magic
 g - a potion of berserk rage


   Skills:
 + Level 12.0 Fighting
 + Level 12.1 Maces & Flails
 + Level 6.8 Armour
 + Level 6.4 Dodging


You had 6 spell levels left.
You didn't know any spells.
Your spell library was empty.

Dungeon Overview and Level Annotations

Branches:
Dungeon (1/1)

Altars:
Cheibriados
Dithmenos
Elyvilon
Fedhas
Gozag
Hepliaklqana
Kikubaaqudgha
Makhleb
Nemelex Xobeh
Okawaru
Qazlal
Ru
Sif Muna
Trog
Uskayaw
Vehumet
Wu Jian
Xom
Yredelemnul
Zin
The Shining One
Jiyva
Lugonu

Shops:
D (


Innate Abilities, Weirdness & Mutations

You have a pair of horns on your head.
You reflexively headbutt those who attack you in melee.


Message History

The floating eye turns its gaze towards you.
The kobold demonologist shouts!
The kobold demonologist mumbles some strange words.
The white imp gestures at you. The puff of frost hits you!
There is an open door here.
Unknown command.
A red film seems to cover your vision as you go berserk!
You feel yourself moving faster!
You feel mighty! The floating eye seems to glare at you.
The kobold demonologist casts a spell.
Unknown command.
You completely miss the kobold demonologist.
The kobold demonologist mumbles some strange words.
Unknown command.
You hit the kobold demonologist. You drain the kobold demonologist.
The kobold demonologist is moderately wounded.
The iron imp lashes its tail.
Unknown command.
You whack the kobold demonologist! You drain the kobold demonologist.
The kobold demonologist is severely wounded.
The sun demon hits you!!
You are engulfed in flames!!
Unknown command.
You whack the kobold demonologist! You drain the kobold demonologist.
The kobold demonologist is almost dead.
The floating eye gazes piercingly through you!
You suddenly lose the ability to move!
The kobold demonologist casts a spell.
The kobold demonologist gestures wildly while chanting.
The soul eater hits you!! The sun demon hits you!
* * * LOW HITPOINT WARNING * * *
You are engulfed in flames!
* * * LOW HITPOINT WARNING * * *
The floating eye's stare focuses on you.
The kobold demonologist begins to cast a cantrip, but forgets the words!
The soul eater hits you!
* * * LOW HITPOINT WARNING * * *
You feel drained.
You die...

#####################
)').#.)'..#__#.3@34K#
[#..'..#..'..'..#K55#
###'#####'#__####5G4+
##..#...#.#### ####
_####..##.#
____##'#_.+
.∩...†..._#
..__##_.#'#
____###+#[#


You could see a soul eater (summoned), a sun demon (summoned), an orange demon
(summoned), a rust devil (summoned), 2 kobold demonologists, a floating eye
(charged), an iron imp (summoned), a white imp (summoned) and an ufetubus
(summoned).

Vanquished Creatures
  Sigmund (D)
  A slime creature (D)
  A yak (D)
  An ogre (D)
  A jelly (D)
  Ijyb (D)
6 creatures vanquished.

Notes
Turn   | Place    | Note
-------+----------+-------------------------------------------
     0 | D        | dialectric the Minotaur Berserker began the quest for the
                  | Orb.
     0 | D        | Reached XP level 1. HP: 19/19 MP: 0/0
     2 | D        | Noticed Ijyb
     8 | D        | Killed Ijyb
     9 | D        | Reached skill level 5 in Fighting
     9 | D        | Reached skill level 5 in Maces & Flails
     9 | D        | Reached XP level 2. HP: 10/29 MP: 1/1
    91 | D        | Noticed an ogre
    93 | D        | Killed an ogre
    94 | D        | Reached XP level 3. HP: 32/40 MP: 2/2
    94 | D        | Reached XP level 4. HP: 38/48 MP: 3/3
   126 | D        | Noticed Sigmund
   146 | D        | Killed Sigmund
   146 | D        | Reached ** piety under Trog
   147 | D        | Reached skill level 10 in Fighting
   147 | D        | Reached skill level 10 in Maces & Flails
   147 | D        | Reached skill level 5 in Armour
   147 | D        | Reached skill level 5 in Dodging
   147 | D        | Reached XP level 5. HP: 46/58 MP: 4/4
   147 | D        | Reached XP level 6. HP: 53/66 MP: 5/5
   158 | D        | Found a shimmering blue altar of Sif Muna.
   159 | D        | Found an ornate altar of the Wu Jian Council.
   160 | D        | Found a radiant altar of Vehumet.
   186 | D        | Found Zaodgh's Antique Weapon Emporium.
   186 | D        | Found an ancient bone altar of Kikubaaqudgha.
   186 | D        | Found a hazy altar of Hepliaklqana.
   186 | D        | Found a hide-covered altar of Uskayaw.
   186 | D        | Found a basalt altar of Yredelemnul.
   186 | D        | Found an opulent altar of Gozag.
   186 | D        | Found a snail-covered altar of Cheibriados.
   186 | D        | Found a sacrificial altar of Ru.
   186 | D        | Found a shadowy altar of Dithmenos.
   186 | D        | Noticed a yak
   194 | D        | Killed a yak
   195 | D        | Found a stormy altar of Qazlal.
   195 | D        | Found a blossoming altar of Fedhas.
   195 | D        | Found a bloodstained altar of Trog.
   195 | D        | Found an iron altar of Okawaru.
   195 | D        | Found a glowing golden altar of the Shining One.
   195 | D        | Found a glowing silver altar of Zin.
   195 | D        | Found a white marble altar of Elyvilon.
   196 | D        | Found a sparkling altar of Nemelex Xobeh.
   200 | D        | Bought a faintly glowing whip for 165 gold pieces
   200 | D        | Identified the +4 whip of Roikk {drain, Int+3} (You bought
                  | it in a shop in the Dungeon)
   214 | D        | Found a burning altar of Makhleb.
   214 | D        | Found a shimmering altar of Xom.
   214 | D        | Noticed a slime creature
   222 | D        | Killed a slime creature
   223 | D        | Reached XP level 7. HP: 30/77 MP: 6/6
   223 | D        | Found a viscous altar of Jiyva.
   223 | D        | Found a corrupted altar of Lugonu.
   378 | D        | Noticed a kobold demonologist
   379 | D        | Noticed a kobold demonologist
   380 | D        | Noticed a rust devil
   381 | D        | Noticed a sun demon
   382 | D        | Noticed a soul eater
   384 | D        | Paralysed by a floating eye for 2 turns
   385 | D        | Noticed an orange demon
   385 | D        | HP: 3/115 [soul eater[a kobold demonologist] (12)]
   385 | D        | Slain by a soul eater

Illustrated notes

Levels and vault maps discovered:
D:        dungeon_sprint_1 [red_sonja_temple_1, red_sonja_temple_small_1]

Skill      XL: |  1  2  3  4  5  6 |
---------------+-------------------+-----
Fighting       | 5 7 10 12 | 12.0
Maces & Flails | 5 7 10 12 | 12.1
Armour         | 3 4 5 6 |  6.8
Dodging        | 3 5 6 |  6.4

Action                     |  1- 3 |  4- 6 |  7- 9 || total
---------------------------+-------+-------+-------++-------
  Melee: Mace              |     5 |    22 |       ||    27
         Headbutt          |     1 |     9 |       ||    10
         Whip              |       |     8 |     4 ||    12
 Invoke: Berserk           |     2 |     1 |     1 ||     4
    Use: Potion            |       |     1 |       ||     1
 Armour: Leather armour    |       |     3 |       ||     3
  Dodge: Dodged            |     2 |     8 |       ||    10

Table legend: (Time is in decaauts)
 A = Elapsed time spent in this place.
 B = Non-inter-level travel time spent in this place.
 C = Inter-level travel time spent in this place.
 D = Time resting spent in this place.
 E = Time spent auto-exploring this place.
 F = Levels seen in this place.
 G = Mean time per level.
                   A        B        C        D        E       F      G
               +--------+--------+--------+--------+--------+-----+--------+
         Total |    403 |    403 |      0 |    240 |      0 |   1 |  403.0 |
       Dungeon |    403 |    403 |      0 |    240 |      0 |   1 |  403.0 |
               +--------+--------+--------+--------+--------+-----+--------+

Top non-repeatable levels by time:
       D: 403 daAuts
